 Dungeon Crawl Stone Soup version 0.30-a0-170-g85af917532 (webtiles) character file.

Game seed: 13292606917060367701

14 Flugkiller the Trooper (level 2, -1/24 HPs)
             Began as a Mummy Berserker on Sept 30, 2022.
             Was a Follower of Trog.
             Slain by a goblin
             ... wielding a +0 dagger of holy wrath
              (4 damage)
             ... on level 1 of the Dungeon.
             The game lasted 00:00:13 (342 turns).

Flugkiller the Trooper (Mummy Berserker)             Turns: 342, Time: 00:00:14

Health: -1/24      AC:  2    Str: 20    XL:     2   Next: 27%
Magic:  2/2        EV: 12    Int:  6    God:    Trog [*.....]
Gold:   34         SH:  0    Dex: 11    Spells: 1/1 levels left

rFire   x . .      SeeInvis .    a - +0 hand axe
rCold   + . .      Faith    +    (no shield)
rNeg    + + +      Spirit   .    b - +0 animal skin
rPois   ∞          Reflect  .    (no helmet)
rElec   .          Harm     .    (no cloak)
rCorr   .          Rampage  .    (no gloves)
Will    .....                    (no boots)
Stlth   +.........               (no amulet)
HPRegen 0.08/turn                (no ring)
MPRegen 0.08/turn                (no ring)

@: no status effects
A: cold resistance 1, negative energy resistance 3, torment resistance 2, heat
vulnerability 1, no potions, faith
a: Renounce Religion


You were on level 1 of the Dungeon.
You worshipped Trog.
Trog was aware of your devotion.
You visited 1 branch of the dungeon, and saw 1 of its levels.

You collected 34 gold pieces.

Inventory:

Hand Weapons
 a - a +0 hand axe (weapon)
Armour
 b - a +0 animal skin (worn)
Scrolls
 c - a scroll of amnesia {unknown}
 d - a scroll of teleportation {unknown}
 e - a scroll of summoning {unknown}


   Skills:
 + Level 3.2 Fighting
 * Level 2.9 Axes
 - Level 1.5 Armour
 - Level 1.5 Dodging


You had one spell level left.
You didn't know any spells.
Your spell library was empty.

Dungeon Overview and Level Annotations

Branches:
Dungeon (1/15) Zot: 5650

Altars:


Innate Abilities, Weirdness & Mutations

You are immune to poison.
Your flesh is cold resistant. (rC+)
You are immune to negative energy. (rN+++)
You are immune to unholy pain and torment.
You are vulnerable to heat. (rF-)
You do not drink.
You have a special connection with the divine. (Faith)


Message History

The bat hits you. The bat barely misses you.
You barely miss the bat. The bat misses you. The bat barely misses you.
A kobold comes into view. It is wielding a +0 dagger.
The bat hits you. The bat closely misses you. The bat barely misses you.
You barely miss the bat. The bat closely misses you. The bat barely misses you.
The bat hits you but does no damage.
You closely miss the bat. The bat misses you. The bat barely misses you.
There are monsters nearby!
You hit the bat.
You kill the bat!
Trog accepts your kill.
You have reached level 2!
You hit the kobold but do no damage. The kobold hits you with a +0 dagger.
You closely miss the kobold. The kobold barely misses you.
You barely miss the kobold. The kobold barely misses you.
You barely miss the kobold. The kobold hits you with a +0 dagger.
You hit the kobold.
You kill the kobold!
Trog accepts your kill.
No target in view!
You see here a +0 dagger.
No target in view!
You start resting.
HP restored.
A frilled lizard comes into view.
The frilled lizard hisses angrily.
A frilled lizard is nearby!
A frilled lizard is nearby!
A kobold comes into view. It is wielding a +0 short sword.
The kobold shouts!
You hear a shout!
The frilled lizard bites you.
You closely miss the frilled lizard. The frilled lizard bites you. x2
You hit the frilled lizard but do no damage.
The frilled lizard bites you.
You slash the frilled lizard!
You kill the frilled lizard!
Trog accepts your kill.
You hit the kobold.
You kill the kobold!
Trog accepts your kill.
No target in view!
No target in view!
No target in view!
A rat comes into view.
Found a scroll labelled RAZELU EGROGEICW and a scroll labelled VUENIUXU CUAX.
The rat moves out of view.
Things that are here:
a +0 short sword; a kobold corpse No target in view!
e - a scroll labelled RAZELU EGROGEICW A rat comes into view.
There are monsters nearby!
There are monsters nearby!
You closely miss the rat. The rat misses you.
You barely miss the rat. The rat bites you.
You slash the rat!
You kill the rat!
Trog accepts your kill.
You barely miss the rat.
A goblin comes into view.
It is wielding a +0 dagger of holy wrath.
The rat closely misses you.
You barely miss the rat.
The goblin shouts!
The rat barely misses you.
You hit the rat.
You kill the rat!
Trog accepts your kill.
You barely miss the goblin. The goblin barely misses you.
You hit the goblin.
The goblin is heavily wounded.
The goblin hits you with a +0 dagger of holy wrath.
You convulse.
You barely miss the goblin.
The goblin is heavily wounded.
The goblin hits you with a +0 dagger of holy wrath.
You convulse.
* * * LOW HITPOINT WARNING * * *
You are too injured to fight recklessly!
You are too injured to fight recklessly!
You are too injured to fight recklessly!
You are too injured to fight recklessly!
You are too injured to fight recklessly!
You are too injured to fight recklessly!
You are too injured to fight recklessly!
You are too injured to fight recklessly!
Unknown command.
You hit the goblin but do no damage.
The goblin is heavily wounded.
The goblin misses you.
The goblin hits you with a +0 dagger of holy wrath.
* * * LOW HITPOINT WARNING * * *
You convulse.
* * * LOW HITPOINT WARNING * * *
Unknown command.
You closely miss the goblin.
The goblin is heavily wounded.
The goblin hits you with a +0 dagger of holy wrath.
You die...

.. #..#.#.# ##..#.#.#
##.# #.. .......### ...#
#.# #..#.#... #### #.#
#..#.#.### #.# #..#.....
#.#####..#?#.#### ##
#..........@g...#
.#####.#####............
...)......)..#######.###
..#####.###### # .## #.#
.# #.# .# #.# .# #.# .#
#.#


You could see a goblin.

Vanquished Creatures
  A dart slug (D:1)
  A bat (D:1)
  A hobgoblin (D:1)
  3 kobolds (D:1)
  A ball python (D:1)
  2 frilled lizards (D:1)
  3 rats (D:1)
12 creatures vanquished.

Notes
Turn   | Place    | Note
-------+----------+-------------------------------------------
     0 | D:1      | Flugkiller the Mummy Berserker began the quest for the Orb.
     0 | D:1      | Reached XP level 1. HP: 18/18 MP: 1/1
   240 | D:1      | Reached XP level 2. HP: 22/24 MP: 2/2
   342 | D:1      | Slain by a goblin

Illustrated notes

Levels and vault maps discovered:
D:1:      lemuel_arrival_behind_the_door_small, layout_loops_ring,
          minmay_pentomino_u2

Action                   || total
-------------------------++-------
Melee: Hand axe          ||    38
       Punch             ||     1
Armor: Animal skin       ||     5
Dodge: Dodged            ||    22

Table legend: (Time is in decaauts)
 A = Elapsed time spent in this place.
 B = Non-inter-level travel time spent in this place.
 C = Inter-level travel time spent in this place.
 D = Time resting spent in this place.
 E = Time spent auto-exploring this place.
 F = Levels seen in this place.
 G = Mean time per level.
                   A        B        C        D        E       F      G
               +--------+--------+--------+--------+--------+-----+--------+
         Total |    348 |    348 |      0 |    197 |     71 |   1 |  348.0 |
       Dungeon |    348 |    348 |      0 |    197 |     71 |   1 |  348.0 |
               +--------+--------+--------+--------+--------+-----+--------+

Top non-repeatable levels by time:
     D:1: 348 daAuts
